 Dungeon Crawl Stone Soup version 0.29.1-15-g9cfb28693d (webtiles) character file.

Game seed: 9874407770166822079

9 ChiefBigBeans the Grave Robber (level 2, 0/22 HPs)
             Began as a Ghoul Necromancer on Feb 23, 2023.
             Slain by a jackal (2 damage)
             ... on level 1 of the Dungeon.
             The game lasted 00:00:43 (105 turns).

ChiefBigBeans the Grave Robber (Ghoul Necromancer)   Turns: 105, Time: 00:00:43

Health: 0/22       AC:  2    Str: 11    XL:     2   Next: 12%
Magic:  2/4        EV: 12    Int: 10    God:
Gold:   0          SH:  0    Dex:  9    Spells: 4/5 levels left

rFire   . . .      SeeInvis .   c - +0 trident
rCold   + . .      Faith    .   (no shield)
rNeg    + + +      Spirit   .   a - +0 robe
rPois   ∞          Reflect  .   (no helmet)
rElec   .          Harm     .   (no cloak)
rCorr   .          Rampage  .   (no gloves)
Will    .....                   (no boots)
Stlth   ++........              (no amulet)
HPRegen 0.00/turn               (no ring)
MPRegen 0.09/turn               (no ring)

@: inhibited regen
A: claws 1, cold resistance 1, negative energy resistance 3, inhibited
regeneration, torment resistance 2, devour on kill
a: no special abilities


You were on level 1 of the Dungeon.
You visited 1 branch of the dungeon, and saw 1 of its levels.

Inventory:

Hand Weapons
 c - a +0 trident (weapon)
Armour
 a - a +0 robe (worn)
Potions
 b - a potion of magic


   Skills:
 + Level 0.8 Fighting
 - Level 1.8 Dodging
 - Level 2.2 Stealth
 + Level 2.0 Spellcasting
 + Level 4.1 Necromancy


You had 4 spell levels left.
You knew the following spells:

 Your Spells              Type           Power      Damage    Failure   Level
a - Necrotise             Necr           36%        1d5       5%          1

Your spell library contained the following spells:

 Spells                   Type           Power      Damage    Failure   Level
 Vampiric Draining        Necr           9%         2d6       17%         3
 Animate Dead             Necr           9%         N/A       50%         4
 Agony                    Necr           9%         N/A       83%         5


Dungeon Overview and Level Annotations

Branches:
Dungeon (1/15)

Altars:


Innate Abilities, Weirdness & Mutations

You are immune to poison.
You have sharp fingernails.
Your flesh is cold resistant. (rC+)
You are immune to negative energy. (rN+++)
You do not regenerate when monsters are visible.
You are immune to unholy pain and torment.
You thrive by killing the living.


Message History

You kill the goblin!
You feel better.
You have reached level 2!
A hobgoblin comes into view.
Found 3 stones.
The hobgoblin moves out of view.
Things that are here:
a +0 club; a dart slug corpse A hobgoblin comes into view.
You hit the hobgoblin but do no damage.
The hobgoblin shouts!
You hear a bark!
A ball python comes into view.
The hobgoblin closely misses you.
You barely miss the hobgoblin. The hobgoblin hits you.
The ball python hisses angrily.
You hit the hobgoblin.
The hobgoblin is lightly wounded.
The hobgoblin closely misses you.
You puncture the hobgoblin!
You kill the hobgoblin!
Your Spellcasting skill increases to level 2!
The hobgoblin barely misses you. The ball python bites you.
The ball python completely misses you.
You hit the ball python.
You kill the ball python!
The hobgoblin hits you.
A jackal comes into view.
A jackal comes into view. x2
The hobgoblin hits you.
You see here a ball python corpse.
The jackal barks! x2
The hobgoblin hits you. The hobgoblin barely misses you.
You see here a ball python corpse.
The hobgoblin misses you. The hobgoblin hits you.
* * * LOW HITPOINT WARNING * * *
The jackal bites you.
* * * LOW HITPOINT WARNING * * *
The jackal attacks as you move away! The jackal bites you.
You die...

......... .†#######..
.......... ......♣♣.
......♣♣... # ###......#
.#+ ###.####.# .... .
#....# # #########.....
####.<.## #.).@gh.......
##.#....# #.##.h........
##.####.#####.##..........
##......##.....+...(......
...♣♣......#####...h......
...♣♣......# #..........
...........# #..........
..#######..# #..........
.....# #### #..........


You could see 3 jackals and a hobgoblin.

Vanquished Creatures
  A dart slug (D:1)
  2 giant cockroaches (D:1)
  A goblin (D:1)
  A hobgoblin (D:1)
  A ball python (D:1)
6 creatures vanquished.

Notes
Turn   | Place    | Note
-------+----------+-------------------------------------------
     0 | D:1      | ChiefBigBeans the Ghoul Necromancer began the quest for the
                  | Orb.
     0 | D:1      | Reached XP level 1. HP: 14/14 MP: 2/2
    91 | D:1      | Reached XP level 2. HP: 21/22 MP: 0/3
   105 | D:1      | Slain by a jackal

Illustrated notes

Levels and vault maps discovered:
D:1:      amcnicky_arrival_double_pillar, layout_basic,
          shapermc_ecumenical_altar_mp_vishouse,
          nicolae_concentric_dashed_squares_mild, st_stairs_2

Skill      XL: |  1  2 |
---------------+-------+-----
Spellcasting   | 2 |  2.0
Fighting       | |  0.8
Dodging        | |  1.8
Stealth        | |  2.2
Necromancy     | |  4.1

Action                   || total
-------------------------++-------
Melee: Trident           ||    20
 Cast: Necrotise         ||     2
Armor: Robe              ||     1
Dodge: Dodged            ||    16
